 Dungeon Crawl Stone Soup version 0.30.1-4-g462c640d31 (webtiles) character file.

Game seed: 11890797502002748068

2237 spardeous the Destroyer (level 8, -12/51 HPs)
             Began as a Demigod Conjurer on Sept 1, 2023.
             Shot with a sling bullet by Joseph (17 damage)
             ... on level 7 of the Dungeon.
             The game lasted 00:10:00 (9370 turns).

spardeous the Destroyer (Demigod Conjurer)          Turns: 9370, Time: 00:10:00

Health: -12/51     AC:  9    Str: 12    XL:     8   Next: 91%
Magic:  13/23      EV: 10    Int: 24    God:
Gold:   406        SH:  0    Dex: 12    Spells: 3/21 levels left

rFire   . . .        i - +1 club
rCold   + . .        (no shield)
rNeg    . . .        h - +0 ring mail
rPois   .            (helmet restricted)
rElec   .            u - +0 cloak
rCorr   .            (no gloves)
SInv    .            t - +2 pair of boots
Will    +....        (no amulet)
Stlth   +            f - ring of willpower
HPRegen 0.28/turn    v - ring of protection from cold
MPRegen 0.18/turn

%: no passive effects
@: no status effects
A: high MP 1, forlorn, divine attributes, antennae 1, frail 1, subdued magic 1
a: no special abilities


You were on level 7 of the Dungeon.
You visited 1 branch of the dungeon, and saw 7 of its levels.

You collected 406 gold pieces.

Inventory:

Hand Weapons
 i - a +1 club (weapon)
Armour
 c - a +0 helmet
 h - a +0 ring mail (worn)
 r - a scarf of harm
 t - a +2 pair of boots (worn)
 u - a +0 cloak (worn)
Magical Staves
 F - a staff of earth
Jewellery
 f - a ring of willpower (left hand)
 v - a ring of protection from cold (right hand)
Wands
 l - a wand of polymorph (1)
 n - a wand of flame (21)
 B - a wand of roots (20)
Scrolls
 a - a scroll of butterflies {unknown}
 d - 2 scrolls of enchant weapon
 e - 3 scrolls of immolation
 j - 2 scrolls of identify {unknown}
 k - 3 scrolls of teleportation {unknown}
 o - a scroll of torment {unknown}
 w - a scroll of fear {unknown}
 x - 2 scrolls of enchant armour
 y - 2 scrolls of blinking {unknown}
 A - a scroll of amnesia {unknown}
 D - a scroll of fog {unknown}
 E - a scroll of vulnerability {unknown}
 G - a scroll of magic mapping {unknown}
Potions
 b - 2 potions of magic
 g - a potion of experience {unknown}
 m - a potion of attraction {unknown}
 p - a potion of flight {unknown}
 q - 4 potions of might
 s - 3 potions of cancellation
 z - a potion of berserk rage {unknown}
 C - 2 potions of mutation
 H - a potion of brilliance {unknown}


   Skills:
 - Level 1.7 Dodging
 - Level 1.7 Stealth
 + Level 7.4 Spellcasting
 + Level 8.7 Conjurations


You had 3 spell levels left.
You knew the following spells:

 Your Spells              Type           Power      Damage    Failure   Level
a - Magic Dart            Conj           100%       1d8       1%          1
b - Searing Ray           Conj           78%        2d7       1%          2
c - Iskenderun's Mystic   Conj/Tloc      23%        2d6       22%         4
d - Statue Form           Tmut/Erth      4%         N/A       100%        6
i - Iskenderun's Battles  Conj           39%        2d9       10%         5

Your spell library contained the following spells:

 Spells                   Type           Power      Damage    Failure   Level
 Dazzling Flash           Conj/Hex       46%        N/A       6%          3
 Stone Arrow              Conj/Erth      46%        3d9       6%          3
 Mephitic Cloud           Conj/Pois/Air  17%        N/A       12%         3
 Sandblast                Erth           12%        2d6       13%         1
 Passwall                 Tmut/Erth      5%         N/A       21%         2
 Poisonous Vapours        Pois/Air       12%        N/A       21%         2
 Sublimation of Blood     Necr           6%         N/A       21%         2
 Wereblood                Tmut           6%         N/A       21%         2
 Summon Guardian Golem    Hex/Summ       6%         N/A       38%         3
 Volatile Blastmotes      Fire/Tloc      12%        2d11      38%         3
 Fulminant Prism          Conj/Hex       11%        3d8       22%         4
 Freezing Cloud           Conj/Ice/Air   8%         6-21      75%         5
 Petrify                  Tmut/Erth      6%         N/A       80%         4
 Iron Shot                Conj/Erth      11%        9d3       98%         6
 Starburst                Conj/Fire      11%        6d5       98%         6
 Orb of Destruction       Conj           19%        9d8       98%         7
 Metabolic Englaciation   Hex/Ice        3%         N/A       99%         5
 Spellforged Servitor     Conj/Summ      11%        N/A       100%        7
 Summon Hydra             Summ           3%         N/A       100%        7


Dungeon Overview and Level Annotations

Branches:
Dungeon (7/15)             Temple (0/1) D:5

Shops:
D:1 =   D:2 [

Annotations:
D:7 Joseph


Innate Abilities, Weirdness & Mutations

You have an increased reservoir of magic. (+10% MP)
You shall have no god before yourself.
Your divine heritage dramatically boosts your attributes as you level up.
You have a pair of small antennae on your head.
You are frail. (-10% HP)
Your spells are a little easier to cast, but a little less powerful.


Message History

Joseph shoots a sling bullet.
The sling bullet hits you!
You take 8 damage, and have 41/57 hp.
You now have 14/23 mp.
Okay, then.
The searing ray hits Joseph!
Joseph is moderately wounded.
Joseph shoots a sling bullet.
The sling bullet hits you.
You take 5 damage, and have 36/57 hp.
You now have 13/23 mp.
The searing ray hits Joseph!
Joseph is moderately wounded.
Joseph shoots a sling bullet.
The sling bullet hits you!!
* * * LOW HITPOINT WARNING * * *
You take 20 damage, and have 16/57 hp.
MASSIVE DAMAGE!!
You now have 12/23 mp.
Unknown command.
It was a potion of cancellation.
You feel magically purged.
Joseph shoots a sling bullet.
The sling bullet barely misses you.
You see here 2 large rocks.
It was a potion of mutation.
You feel extremely strange.
You feel frail.
Your connection to magic feels subdued.
A pair of antennae grows on your head!
Your +0 helmet falls away!
Joseph shoots a sling bullet.
The sling bullet hits you!
* * * LOW HITPOINT WARNING * * *
You take 13 damage, and have 4/51 hp.
MASSIVE DAMAGE!!
As you read the scroll labelled UKAAPO ROLAO, it crumbles to dust.
The creatures around you are filled with an inner flame!
It was a scroll of immolation.
Joseph shoots a sling bullet.
The sling bullet barely misses you.
As you read the scroll labelled KENLYO HUTYEL, it crumbles to dust.
It is a scroll of enchant weapon.
Your +0 club glows red for a moment.
Joseph shoots a sling bullet.
The sling bullet hits you but does no damage.
Okay, then.
Casting: Searing Ray (safe; 1% risk of failure)
Confirm with . or Enter, or press ? or * to list all spells.
Okay, then.
As you read the scroll labelled PYUCLE DEICHU, it crumbles to dust.
It is a scroll of enchant armour.
Your +1 pair of boots glows green for a moment.
Joseph shoots a sling bullet.
The sling bullet hits you!
You die...

#.##.# #..#.#
#...### # #....###
.# #.##...## .#
#.#####.####..###
#.# ......#.# ##...#
).# #.#
#...#######.##@.#
#.####.....# #.@.#
#)##....##....###.#
#.##.#### ##.....#
#.##.# ###. #.##.#
.. ...#.# ...
#....####### ....
#.#........# #####
#.##.#####.#########


You could see Joseph (inner flame).

Vanquished Creatures
  Sigmund (D:3)
  Eustachio (D:5)
  2 water moccasins
  A black bear (D:6)
  A sky beast (D:7)
  An ice beast (D:6)
  An ogre (D:7)
  3 centaurs
  A phantom (D:5)
  3 howler monkeys
  Crazy Yiuf (D:3)
  2 orc priests
  4 hounds
  2 jellies
  2 gnoll boudas (D:7)
  Jessica (D:3)
  4 iguanas
  Ijyb (D:3)
  Natasha (thrice) (D:2)
  3 orc wizards
  5 adders
  12 gnolls
  2 white imps (D:7)
  2 ufetubi (D:6)
  3 worms
  4 dart slugs
  10 orcs
  10 ball pythons
  6 endoplasms
  5 giant cockroaches
  7 goblins
  6 hobgoblins
  7 kobolds
  7 quokkas
  9 bats
  6 frilled lizards
  3 rats (D:3)
142 creatures vanquished.

Notes
Turn   | Place    | Note
-------+----------+-------------------------------------------
     0 | D:1      | spardeous the Demigod Conjurer began the quest for the Orb.
     0 | D:1      | Reached XP level 1. HP: 14/14 MP: 5/5
   256 | D:1      | Reached XP level 2. HP: 20/20 MP: 1/7
   381 | D:1      | Reached skill level 4 in Conjurations
   685 | D:1      | Found Uvach's Jewellery Emporium.
  1298 | D:1      | Learned a level 2 spell: Searing Ray
  1309 | D:2      | Reached XP level 3. HP: 21/26 MP: 1/9
  1598 | D:2      | Noticed Natasha
  1606 | D:2      | Killed Natasha
  1612 | D:2      | Reached XP level 4. HP: 33/33 MP: 0/11
  1709 | D:2      | Noticed Natasha
  1726 | D:2      | Killed Natasha
  1778 | D:2      | Noticed Natasha
  1782 | D:2      | Killed Natasha
  1845 | D:2      | Found Gohuvain's Armour Emporium.
  2023 | D:2      | Learned a level 4 spell: Iskenderun's Mystic Blast
  2429 | D:3      | Noticed Jessica
  2436 | D:3      | Killed Jessica
  2437 | D:3      | Reached skill level 5 in Conjurations
  2437 | D:3      | Reached XP level 5. HP: 37/38 MP: 4/13
  2941 | D:3      | Noticed Ijyb
  2959 | D:3      | Killed Ijyb
  3280 | D:3      | Noticed Sigmund
  3286 | D:3      | Killed Sigmund
  3287 | D:3      | Reached XP level 6. HP: 40/45 MP: 6/15
  3366 | D:3      | Found a runed translucent door.
  3367 | D:3      | Noticed Crazy Yiuf
  3752 | D:4      | Learned a level 6 spell: Statue Form
  3897 | D:4      | Reached skill level 6 in Conjurations
  4165 | D:4      | Reached XP level 7. HP: 22/50 MP: 11/17
  5044 | D:5      | Entered Level 5 of the Dungeon
  5127 | D:4      | Reached skill level 5 in Spellcasting
  5760 | D:5      | Reached skill level 7 in Conjurations
  6040 | D:5      | Found a staircase to the Ecumenical Temple.
  6191 | D:5      | Noticed Eustachio
  6197 | D:5      | Killed Eustachio
  6198 | D:5      | Reached XP level 8. HP: 57/57 MP: 11/20
  6271 | D:5      | Learned a level 5 spell: Iskenderun's Battlesphere
  6790 | D:6      | Reached skill level 8 in Conjurations
  8114 | D:3      | Killed Crazy Yiuf
  8387 | D:7      | Noticed Joseph
  9367 | D:7      | Gained mutation: You are frail. (-10% HP) [potion of
                  | mutation]
  9367 | D:7      | Gained mutation: Your spells are a little easier to cast,
                  | but a little less powerful. [potion of mutation]
  9367 | D:7      | Gained mutation: You have a pair of small antennae on your
                  | head. [potion of mutation]
  9370 | D:7      | Shot with a sling bullet by Joseph

Illustrated notes

Levels and vault maps discovered:
D:1:      wheals_arrival_linesprint, layout_basic, serial_shops, shop
D:2:      layout_rooms, serial_shops, nicolae_shop_trees, uniq_natasha
D:3:      layout_loops_ring, nicolae_kikubaaqudgha_miasma_corner,
          serial_park_tiny_pond, uniq_ijyb, uniq_crazy_yiuf_cottage,
          uniq_jessica, uniq_sigmund
D:4:      layout_basic, minmay_distorted
D:5:      layout_rooms, temple_doors_e, uniq_eustachio
D:6:      layout_basic, minivault_22, chequers_mini_garden
D:7:      layout_rooms, uniq_joseph

Skill      XL: |  1  2  3  4  5  6  7  8 |
---------------+-------------------------+-----
Spellcasting   | 2 3 4 6 7 |  7.4
Conjurations   | 4 5 6 7 8 |  8.7
Dodging        | |  1.7
Stealth        | |  1.7

Action                     |  1- 3 |  4- 6 |  7- 9 || total
---------------------------+-------+-------+-------++-------
  Melee: Unarmed           |     1 |       |       ||     1
         Club              |     3 |       |       ||     3
   Cast: Magic Dart        |    68 |   104 |    33 ||   205
         Searing Ray       |     2 |    12 |    53 ||    67
    Use: Scroll            |       |       |     3 ||     3
         Potion            |       |       |     2 ||     2
 Armour: Robe              |     3 |       |       ||     3
         Ring mail         |    19 |     9 |    53 ||    81
         Skin              |       |     2 |       ||     2
  Dodge: Dodged            |    41 |    23 |    53 ||   117
